 Dungeon Crawl Stone Soup version 0.27-a0-1391-g48c30b3128 (webtiles) character file.

Game seed: 16491660741203831837

435 Kinoniko the Chopper (level 6, -7/47 HPs)
             Began as a Demonspawn Berserker on July 1, 2021.
             Was a Priest of Trog.
             Killed by divine providence
             ... invoked by an orc priest
              (14 damage)
             ... on level 4 of the Dungeon.
             The game lasted 00:03:34 (3200 turns).

Kinoniko the Chopper (Demonspawn Berserker)         Turns: 3200, Time: 00:03:35

Health: -7/47      AC:  6    Str: 19    XL:     6   Next: 68%
Magic:  6/6        EV: 11    Int:  9    God:    Trog [***...]
Gold:   98         SH:  0    Dex: 12    Spells: 5/5 levels left

rFire    . . .     SeeInvis .   a - +0 hand axe
rCold    . . .     Faith    .   (no shield)
rNeg     . . .     Spirit   .   g - +0 ring mail
rPois    .         Reflect  .   (helmet restricted)
rElec    .         Harm     .   (no cloak)
rCorr    .         Rampage  .   (no gloves)
Will     .....                  j - +0 pair of boots
Stlth    ..........             (no amulet)
HPRegen  0.15/turn              (no ring)
MPRegen  0.10/turn              (no ring)

@: confused, on berserk cooldown, attractive, slowed, very slow
A: claws 1, horns 2, powered by death 1
a: Renounce Religion, Berserk, Trog's Hand


You were on level 4 of the Dungeon.
You worshipped Trog.
Trog was most pleased with you.
You visited 1 branch of the dungeon, and saw 4 of its levels.

You collected 98 gold pieces.

Inventory:

Hand Weapons
 a - a +0 hand axe (weapon)
Armour
 g - a +0 ring mail (worn)
 j - a +0 pair of boots (worn)
Potions
 b - a potion of attraction
 c - a potion of flight {unknown}
 d - a potion of curing
 e - a potion of degeneration {unknown}
 f - a potion of haste {unknown}
 h - a potion of magic
 i - a potion of resistance {unknown}
 k - a potion of mutation {unknown}
 m - 2 potions of lignification {unknown}
 n - a potion of cancellation {unknown}
 p - a potion of heal wounds {unknown}


   Skills:
 - Level 3.0 Fighting
 * Level 7.0 Axes
 - Level 1.7 Armour
 - Level 1.7 Dodging


You had 5 spell levels left.
You didn't know any spells.
Your spell library was empty.

Dungeon Overview and Level Annotations

Branches:
Dungeon (4/15)
 Temple: D:4-7

Altars:
Uskayaw
Vehumet

Annotations:
D:3 exclusion: statue


Innate Abilities, Weirdness & Mutations

You have sharp fingernails.
You have a pair of horns on your head.
You regenerate a little health from kills.


Message History

* * * LOW HITPOINT WARNING * * *
Something hits you.
* * * LOW HITPOINT WARNING * * *
The orc wizard hits you but does no damage.
Okay, then.
You hit the orc priest but do no damage.
Your headbutt misses the orc priest.
The orc priest is heavily wounded.
You barely miss the orc wizard. You barely miss something. You hit something.
Something hits you.
* * * LOW HITPOINT WARNING * * *
The orc priest closely misses you. Something hits you.
* * * LOW HITPOINT WARNING * * *
The orc wizard closely misses you. Something hits you but does no damage.
It was a potion of curing.
You feel better.
The orc priest hits you but does no damage.
Something hits you.
* * * LOW HITPOINT WARNING * * *
The orc wizard hits you with a +0 dagger.
* * * LOW HITPOINT WARNING * * *
Something hits you but does no damage. The orc priest completely misses you.
Something hits you but does no damage. The orc wizard closely misses you.
It was a potion of attraction.
You feel attractive to monsters. Something hits you but does no damage.
The orc priest closely misses you.
You hear some strange, mumbled words.
You are confused.
The orc wizard points at you and mumbles some strange words.
You are more confused.
Something hits you.
* * * LOW HITPOINT WARNING * * *
Unknown command.
It was a potion of magic.
Magic courses through your body. The orc priest barely misses you.
Something hits you but does no damage.
The orc wizard hits you with a +0 dagger.
* * * LOW HITPOINT WARNING * * *
Something hits you but does no damage.
The orc priest calls down the wrath of Beogh upon you.
Beogh smites you!
You die...

...#..##....
........#.
<........## .
.........# ..
........####.#
#....[.[....##
#............ ..
###@o...$..#...
....#.o{{..........
.......r))#.####.##
........)...#
.......).#..#
......>..#..#
..............
....)....#..#..
........##..#...


You could see an orc priest, an orc wizard and a quokka.

Vanquished Creatures
  An ice beast (D:3)
  A hound (D:4)
  3 orc priests (D:4)
  An orc wizard (D:4)
  A hound skeleton (D:3)
  5 adders
  4 gnolls (D:3)
  2 ufetubi
  2 worms
  A dart slug (D:2)
  5 orcs
  7 ball pythons
  3 endoplasms
  6 hobgoblins
  8 jackals (D:1)
  5 quokkas
  11 bats
  3 frilled lizards
  7 goblins
  4 kobolds
  5 rats
85 creatures vanquished.

Vanquished Creatures (others)
  3 withered plants (D:1)
3 creatures vanquished.

Grand Total: 88 creatures vanquished

Notes
Turn   | Place    | Note
-------+----------+-------------------------------------------
     0 | D:1      | Kinoniko the Demonspawn Berserker began the quest for the
                  | Orb.
     0 | D:1      | Reached XP level 1. HP: 18/18 MP: 1/1
    50 | D:1      | Reached skill level 3 in Axes
    50 | D:1      | HP: 1/27 [jackal (1)]
    58 | D:1      | Gained mutation: You have a pair of small horns on your
                  | head. [demonic ancestry]
    58 | D:1      | Reached XP level 2. HP: 2/24 MP: 2/2
   971 | D:1      | Gained mutation: You regenerate a little health from kills.
                  | [demonic ancestry]
   971 | D:1      | Reached XP level 3. HP: 29/29 MP: 3/3
   988 | D:1      | Found a faded altar of an unknown god.
  1107 | D:2      | Reached ** piety under Trog
  1168 | D:2      | Reached skill level 4 in Axes
  1876 | D:3      | Reached XP level 4. HP: 29/35 MP: 4/4
  1989 | D:3      | Noticed an ice beast
  1996 | D:3      | Killed an ice beast
  1997 | D:3      | Reached skill level 5 in Axes
  1997 | D:3      | Gained mutation: You have a pair of horns on your head.
                  | [demonic ancestry]
  1997 | D:3      | Reached XP level 5. HP: 27/41 MP: 5/5
  2323 | D:3      | Found a radiant altar of Vehumet.
  2323 | D:3      | Noticed a charred statue
  2793 | D:3      | Reached skill level 6 in Axes
  3075 | D:4      | Found a hide-covered altar of Uskayaw.
  3075 | D:4      | Noticed a +0 dagger
  3075 | D:4      | Noticed a +0 hand axe
  3115 | D:4      | Gained mutation: You have sharp fingernails. [demonic
                  | ancestry]
  3115 | D:4      | Reached XP level 6. HP: 47/47 MP: 6/6
  3173 | D:4      | Reached *** piety under Trog
  3187 | D:4      | Reached skill level 7 in Axes
  3200 | D:4      | Killed from afar by an orc priest

Illustrated notes

Levels and vault maps discovered:
D:1:      amcnicky_arrival_underground_garden, layout_basic,
          ebering_ecumenical_altar_petrified, serial_forest,
          infiniplex_forest_diagonal, infiniplex_forest_fountain,
          infiniplex_forest_lined_room_2, infiniplex_forest_zigzag_2
D:2:      layout_basic
D:3:      layout_loops_ring, vehumet_statue, kennysheep_generic_room_12
D:4:      layout_cave_pools, dancing_weapons_uskayaw, old_standard_altar,
          temple_fountains

Skill      XL: |  1  2  3  4  5  6 |
---------------+-------------------+-----
Axes           | 3 4 5 6 7 |  7.0
Fighting       | |  3.0
Armour         | |  1.7
Dodging        | |  1.7

Action                   |  1- 3 |  4- 6 || total
-------------------------+-------+-------++-------
Melee: Hand axe          |   123 |    91 ||   214
       Headbutt          |    13 |    14 ||    27
Invok: Berserk           |     3 |     4 ||     7
  Use: Scroll            |       |     3 ||     3
       Potion            |       |     3 ||     3
Armor: Animal skin       |     5 |       ||     5
       Ring mail         |    52 |    38 ||    90
       Leather armour    |     7 |       ||     7
Dodge: Dodged            |    83 |    58 ||   141

Table legend: (Time is in decaauts)
 A = Elapsed time spent in this place.
 B = Non-inter-level travel time spent in this place.
 C = Inter-level travel time spent in this place.
 D = Time resting spent in this place.
 E = Time spent auto-exploring this place.
 F = Levels seen in this place.
 G = Mean time per level.
                   A        B        C        D        E       F      G
               +--------+--------+--------+--------+--------+-----+--------+
         Total |   3262 |   3196 |     66 |    754 |   1920 |   4 |  815.5 |
       Dungeon |   3262 |   3196 |     66 |    754 |   1920 |   4 |  815.5 |
               +--------+--------+--------+--------+--------+-----+--------+

Top non-repeatable levels by time:
     D:3: 1244 daAuts
     D:1: 1093 daAuts
     D:2: 789 daAuts
     D:4: 134 daAuts
